 Dungeon Crawl Stone Soup version 0.31-a0-115-g4708a659fe (webtiles) character file.

Game seed: 5125285376810379766

191136 senseless the Warrior (level 17, -14/160 HPs)
             Began as a Demigod Gladiator on May 29, 2023.
             Demolished by a spriggan rider
             ... wielding a +0 spear
              (17 damage)
             ... on level 1 of the Swamp on May 30, 2023.
             The game lasted 01:35:15 (27083 turns).

senseless the Warrior (Demigod Gladiator)          Turns: 27083, Time: 01:35:16

Health: -14/160    AC: 19    Str: 22    XL:     17   Next: 1%
Magic:  20/20      EV: 41    Int:  9    God:
Gold:   1021       SH:  0    Dex: 34    Spells: 16/16 levels left

rFire   . . .        t - +9 great sword (flame)
rCold   . . .        (shield currently unavailable)
rNeg    . . .        E - +0 swamp dragon scales
rPois   +            f - +2 helmet
rElec   .            v - +2 cloak
rCorr   .            X - +2 pair of gloves {Str+3}
SInv    .            V - +1 pair of boots {Stlth+}
Will    +....        N - amulet of regeneration
Stlth   +++          J - ring of the Hare {EV+10}
HPRegen 1.26/turn    T - ring of flight
MPRegen 0.17/turn

%: clarity
@: corroded, flying, studying Armour
A: high MP 1, forlorn, divine attributes, clarity, strong 1
}: 1/15 runes: serpentine
a: no special abilities


You were on level 1 of the Swamp.
You visited 6 branches of the dungeon, and saw 28 of its levels.

You collected 2509 gold pieces.
You spent 1488 gold pieces at shops.

Inventory:

Hand Weapons
 t - a +9 great sword of flaming (weapon)
 Y - the +9 long sword of Xom's Delight {freeze, Fly}
   (You found it on level 4 of the Snake Pit)

   Fly:       It grants you flight.
Missiles
 e - 6 javelins (quivered)
Armour
 c - a +4 scale mail of poison resistance
 f - a +2 helmet (worn)
 q - the +1 pair of gloves of Intuition {*Slow rElec rF+ rCorr}
   (You found it on level 2 of the Snake Pit)

   rF:        It protects you from fire.
   rElec:     It insulates you from electricity.
   rCorr:     It protects you from acid and corrosion.
   *Slow:     It may slow you when you take damage.
 v - a +2 cloak (worn)
 E - +0 swamp dragon scales (worn)
 F - a +1 helmet of intelligence
 Q - a +4 chain mail
 U - a +2 plate armour of cold resistance
 V - a +1 pair of boots of stealth (worn)
 X - a +2 pair of gloves of strength (worn)
Jewellery
 h - an amulet of reflection
 i - an amulet of guardian spirit
 j - a ring of resist corrosion
 p - a ring of willpower
 u - a ring of see invisible
 G - a ring of positive energy
 J - the ring of the Hare (left hand) {EV+10}
   (You acquired it on level 9 of the Dungeon)

   [ring of evasion]

   EV:        It affects your evasion (+10).
 N - an amulet of regeneration (around neck)
 T - a ring of flight (right hand)
 W - the ring of Yggos {rN+ Int+3 Dex+3}
   (You found it on level 5 of the Lair of Beasts)

   [ring of positive energy]

   Int:       It affects your intelligence (+3).
   Dex:       It affects your dexterity (+3).
   rN:        It protects you from negative energy.
Wands
 b - a wand of flame (60)
 D - a wand of roots (6)
 H - a wand of digging (14)
 I - a wand of polymorph (4)
 M - a wand of mindburst (10)
 S - a wand of charming (5)
Scrolls
 d - 2 scrolls of blinking
 l - 5 scrolls of fear
 x - 3 scrolls of teleportation
 y - 3 scrolls of fog
 L - a scroll of brand weapon
 O - 3 scrolls of identify
 P - 3 scrolls of amnesia
 R - 3 scrolls of magic mapping
 Z - a scroll of silence
Potions
 g - 5 potions of might
 k - a potion of cancellation
 m - 5 potions of haste
 n - a potion of invisibility
 o - a potion of magic
 r - 4 potions of enlightenment
 s - 4 potions of heal wounds
 w - 4 potions of lignification
 z - 13 potions of curing
 A - a potion of mutation
 B - 8 potions of brilliance
 C - 3 potions of resistance
 K - 3 potions of attraction


   Skills:
 + Level 16.8 Fighting
 + Level 16.7 Long Blades
 - Level 1.7 Throwing
 + Level 11.1 Armour
 + Level 16.7 Dodging


You had 16 spell levels left.
You didn't know any spells.
Your spell library contained the following spells:

 Spells                   Type           Power      Damage    Failure   Level
 Beastly Appendage        Tmut           0%         N/A       52%         1
 Foxfire                  Conj/Fire      0%         2x1d4     52%         1
 Necrotise                Necr           0%         1d4       52%         1
 Slow                     Hex            0%         N/A       52%         1
 Cigotuvi's Dreadful Rot  Necr/Pois/Air  0%         N/A       65%         2
 Ensorcelled Hibernation  Hex/Ice        0%         N/A       65%         2
 Passwall                 Tmut/Erth      0%         N/A       65%         2
 Scorch                   Fire           0%         2d5       65%         2
 Wereblood                Tmut           0%         N/A       65%         2
 Call Canine Familiar     Summ           0%         N/A       87%         3
 Confusing Touch          Hex            0%         N/A       87%         3
 Frozen Ramparts          Ice            0%         1d1       87%         3
 Ignite Poison            Fire/Tmut/Pois 0%         N/A       87%         3
 Ozocubu's Armour         Ice            0%         N/A       87%         3
 Portal Projectile        Hex/Tloc       0%         N/A       87%         3
 Spider Form              Tmut/Pois      0%         N/A       87%         3
 Swiftness                Air            0%         N/A       87%         3
 Vampiric Draining        Necr           0%         2d6       87%         3
 Dispel Undead            Necr           0%         3d6       99%         4
 Flame Wave               Conj/Fire      0%         2d4       99%         4
 Ice Form                 Ice/Tmut       0%         N/A       99%         4
 Leda's Liquefaction      Hex/Erth       0%         N/A       99%         4
 Olgreb's Toxic Radiance  Pois           0%         N/A       99%         4
 Petrify                  Tmut/Erth      0%         N/A       99%         4
 Sticky Flame             Conj/Fire      0%         2d3       99%         4
 Summon Ice Beast         Ice/Summ       0%         N/A       99%         4
 Agony                    Necr           0%         N/A       100%        5
 Alistair's Intoxication  Tmut/Pois      0%         N/A       100%        5
 Borgnjor's Vile Clutch   Necr/Erth      0%         N/A       100%        5
 Fireball                 Conj/Fire      0%         3d3       100%        5
 Metabolic Englaciation   Hex/Ice        0%         N/A       100%        5
 Summon Forest            Summ/Tloc      0%         N/A       100%        5
 Summon Mana Viper        Hex/Summ       0%         N/A       100%        5
 Death Channel            Necr           0%         N/A       100%        6
 Eringya's Noxious Bog    Tmut/Pois      0%         N/A       100%        6
 Plasma Beam              Fire/Air       0%         2x1d11    100%        6
 Starburst                Conj/Fire      0%         6d3       100%        6
 Statue Form              Tmut/Erth      0%         N/A       100%        6
 Summon Cactus Giant      Summ           0%         N/A       100%        6
 Ozocubu's Refrigeration  Ice            0%         4d7       100%        7
 Borgnjor's Revivificati  Necr           0%         N/A       100%        8
 Discord                  Hex            0%         N/A       100%        8
 Ignition                 Fire           0%         3d3       100%        8
 Necromutation            Tmut/Necr      0%         N/A       100%        8
 Death's Door             Necr           0%         N/A       100%        9


Dungeon Overview and Level Annotations

Branches:
Dungeon (15/15)            Temple (0/1) D:7            Lair (5/5) D:10
  Swamp (1/4) Lair:2        Snake (4/4) Lair:2        Slime (0/5) Lair:4
    Orc (2/2) D:10            Elf (1/3) Orc:2        Vaults (0/5) D:13
 Depths (0/4) D:15

Shops:
D:3 [   Orc:1 :**   Orc:2 [([[[((=*

Annotations:
D:3 2 transporters
D:10 exclusion: ice statue


Innate Abilities, Weirdness & Mutations

You have an increased reservoir of magic. (+10% MP)
You shall have no god before yourself.
Your divine heritage dramatically boosts your attributes as you level up.
You possess an exceptional clarity of mind.
Your muscles are strong. (Str +4, Int/Dex -1)


Message History

The spriggan rider completely misses you. x2
You slice the spriggan rider!! You burn the spriggan rider.
The spriggan rider is heavily wounded.
The spriggan rider closely misses you.
You slash the spriggan rider! You burn the spriggan rider.
The spriggan rider is severely wounded.
The spriggan rider completely misses you.
The spriggan rider hits you from afar with a +0 spear.
You are too injured to fight recklessly!
You are too injured to fight recklessly!
You are too injured to fight recklessly!
You are too injured to fight recklessly!
You slash the spriggan rider! You burn the spriggan rider.
The spriggan rider is almost dead.
The spriggan rider completely misses you.
The spriggan rider hits you from afar with a +0 spear.
The spriggan rider completely misses you. x2
You barely miss the spriggan rider.
The spriggan rider is lightly wounded.
The spriggan rider hits you with a +0 spear!!
You barely miss the spriggan rider.
The spriggan rider is almost dead.
The spriggan rider hits you with a +0 spear!!
* * * LOW HITPOINT WARNING * * *
The spriggan rider hits you with a +0 spear!
* * * LOW HITPOINT WARNING * * *
You miss the spriggan rider.
The spriggan rider is almost dead.
The spriggan rider completely misses you.
The spriggan rider hits you with a +0 spear!
* * * LOW HITPOINT WARNING * * *
The spriggan rider completely misses you.
The spriggan rider hits you from afar with a +0 spear!
* * * LOW HITPOINT WARNING * * *
The spriggan rider completely misses you.
There is a staircase back to the Lair here.
The spriggan rider hits you from afar with a +0 spear!
* * * LOW HITPOINT WARNING * * *
The spriggan rider hits you from afar with a +0 spear!
You die...

♣♣♣♣ ~....
♣♣..♣♣♣~.(.#
♣♣.~~..~~~(.#.
♣♣.~~~~........
♣♣...~~~~.....#
♣...~)~~~..§..##
♣~..†~~ii~~....#
♣...../~~~~.....
..~.~~♣♣♣§@....)♣
~..~~~ ♣♣♣♣.§~~.~
~.... ~.... ~§~~~
..~~ ~~§~ ~~~
~~~~ ~~ ~


You could see 2 spriggan riders.

Vanquished Creatures
  Vashnia (Snake:2)
  Mlioglotl (Snake:4)
  Gastronok (Lair:3)
  9 nagarajas
  Aizul (Snake:4)
  A caustic shrike zombie (D:15)
  An orc warlord (Orc:2)
  A juggernaut skeleton (D:15)
  An eleionoma (Swamp:1)
  Azrael (D:12)
  6 hydras
  2 rakshasas
  4 vault guards (D:13)
  7 anacondas
  4 boulder beetles
  5 centaur warriors
  4 two-headed ogres
  16 naga warriors
  6 orc high priests (Orc:2)
  3 vampire magi
  19 naga sharpshooters
  3 shock serpents
  2 soul eaters (D:14)
  Nergalle (Lair:3)
  A storm dragon zombie (D:15)
  4 salamander mystics
  11 skeletal warriors
  The ghost of PostNTower the Changer, a novice DrTm of Gozag (D:7)
  A sun demon (D:14)
  3 sixfirhies (D:14)
  A goliath frog (Swamp:1)
  6 naga ritualists
  A necromancer (D:15)
  2 mana vipers
  11 orc knights
  16 ugly things
  An orc sorcerer (Orc:1)
  6 cyclopes
  A fire giant zombie (D:15)
  5 manticores
  3 elephants (Lair:1)
  An oklob plant (Lair:3)
  A guardian serpent (shapeshifter) (D:12)
  7 salamanders
  28 naga magi
  2 smoke demons (D:14)
  38 black mambas
  5 guardian serpents
  A rust devil (D:14)
  An orange demon (D:14)
  A torpor snail (Lair:5)
  A gargoyle (D:13)
  Maggie (D:8)
  11 cane toads
  A freezing wraith (D:9)
  9 komodo dragons
  A tengu conjurer (D:14)
  An unseen horror (D:11)
  4 rime drakes
  3 red devils (D:14)
  A guardian mummy (D:15)
  The ghost of Cris the Chopper, an amateur GnRe (D:4)
  Grinder (D:4)
  7 hornets
  7 trolls
  Prince Ribbit (D:5)
  3 meliai (D:15)
  7 polar bears
  13 dream sheep
  17 blink frogs
  14 spriggans
  2 vampires
  8 wraiths
  5 wyverns
  A ynoxinul (D:14)
  A water elemental (D:15)
  62 yaks
  A human (shapeshifter) (D:13)
  3 chaos spawn (D:14)
  A human (Lair:5)
  A basilisk (Lair:5)
  2 fire elementals (D:12)
  3 steam dragons
  2 vampire mosquitoes (D:12)
  2 neqoxecs (D:14)
  45 nagas
  3 wargs (Orc:2)
  18 water moccasins
  An acid dragon (D:9)
  3 hell hounds (D:12)
  An ice beast (D:8)
  5 ogres
  35 orc warriors
  8 black bears
  5 boggarts (Lair:5)
  27 wolves
  8 centaurs
  4 kobold brigands
  16 bullfrogs
  2 gnoll sergeants
  2 water moccasin zombies (D:4)
  2 scorpions
  20 wights
  4 killer bees
  5 howler monkeys
  An electric eel (D:15)
  A bullfrog zombie (D:4)
  A centaur skeleton (D:4)
  7 hounds
  2 jellies (D:4)
  38 orc priests
  Crazy Yiuf (D:5)
  3 sleepcaps
  Jessica (D:2)
  4 iguanas
  29 orc wizards
  Terence (D:3)
  Robin (D:3)
  8 gnolls
  10 adders
  2 shadow imps
  A white imp (D:5)
  An ufetubus (D:5)
  2 worms
  4 dart slugs
  105 orcs
  4 bats
  6 endoplasms
  3 giant cockroaches
  16 goblins
  7 hobgoblins
  5 quokkas
  10 ball pythons
  2 frilled lizards
  16 kobolds
  4 rats
967 creatures vanquished.

Vanquished Creatures (others)
  A neqoxec (D:14)
  A naga (Lair:2)
2 creatures vanquished.

Grand Total: 969 creatures vanquished

Notes
Turn   | Place    | Note
-------+----------+-------------------------------------------
     0 | D:1      | senseless the Demigod Gladiator began the quest for the
                  | Orb.
     0 | D:1      | Reached XP level 1. HP: 17/17 MP: 3/3
   229 | D:1      | Reached XP level 2. HP: 21/24 MP: 4/4
   563 | D:2      | Reached XP level 3. HP: 30/30 MP: 5/5
   637 | D:2      | Noticed Jessica
   645 | D:2      | Killed Jessica
   920 | D:2      | Identified the +5 dagger of Hiuvyr {elec, rPois}
  1070 | D:2      | Reached XP level 4. HP: 35/37 MP: 6/6
  1193 | D:3      | Noticed Terence
  1200 | D:3      | Killed Terence
  1270 | D:3      | Found a transporter.
  1276 | D:3      | Noticed a kobold demonologist
  1495 | D:3      | Found a transporter.
  1500 | D:3      | Noticed Robin
  1522 | D:3      | Killed Robin
  1641 | D:3      | Found Bueqiv's Armour Boutique.
  1650 | D:3      | Bought a +0 pair of gloves for 49 gold pieces
  1825 | D:3      | Reached XP level 5. HP: 44/45 MP: 7/7
  2347 | D:4      | Noticed an ogre
  2359 | D:4      | Killed an ogre
  2369 | D:4      | Reached XP level 6. HP: 28/52 MP: 8/8
  2579 | D:4      | Noticed Grinder
  2587 | D:4      | Killed Grinder
  2588 | D:4      | Reached skill level 5 in Long Blades
  2588 | D:4      | Reached skill level 5 in Dodging
  2588 | D:4      | Reached XP level 7. HP: 60/60 MP: 9/9
  2837 | D:4      | Found a runed translucent gate.
  2838 | D:4      | Found a runed translucent gate.
  2839 | D:4      | Found a runed translucent gate.
  2839 | D:4      | Noticed Cris's ghost (amateur GnRe)
  3204 | D:5      | Entered Level 5 of the Dungeon
  3324 | D:5      | Reached skill level 5 in Fighting
  3560 | D:5      | Noticed Prince Ribbit
  3571 | D:5      | Killed Prince Ribbit
  3579 | D:5      | Reached XP level 8. HP: 30/69 MP: 10/10
  3872 | D:5      | Found a runed translucent door.
  3873 | D:5      | Noticed Crazy Yiuf
  4025 | D:5      | Killed Crazy Yiuf
  5774 | D:7      | Reached XP level 9. HP: 75/78 MP: 11/11
  6057 | D:7      | Found a runed translucent gate.
  6060 | D:7      | Found a runed translucent gate.
  6063 | D:7      | Found a runed translucent gate.
  6063 | D:7      | Noticed PostNTower's ghost (novice DrTm)
  6065 | D:7      | Noticed a manticore
  6452 | D:7      | Found a staircase to the Ecumenical Temple.
  6717 | D:4      | Killed Cris's ghost
  7214 | D:8      | Found a transporter.
  7216 | D:8      | Found a transporter.
  7250 | D:8      | Found a transporter.
  7254 | D:8      | Found a transporter.
  7312 | D:8      | Noticed Maggie
  7319 | D:8      | Killed Maggie
  7762 | D:8      | Found a transporter.
  7768 | D:8      | Found a transporter.
  8087 | D:9      | Reached XP level 10. HP: 88/88 MP: 13/13
  8121 | D:9      | Identified a scroll of acquirement
  8121 | D:9      | Acquired the ring of the Hare {EV+10}
  8121 | D:9      | Found the ring of the Hare {EV+10}
  8338 | D:9      | Noticed a rakshasa
  8347 | D:9      | Noticed a red ugly thing
  9035 | D:9      | Killed a rakshasa
  9283 | D:9      | Killed a red ugly thing
  9487 | D:9      | Noticed a cyclops
  9488 | D:9      | Noticed an orc knight
  9494 | D:9      | Killed a cyclops
  9501 | D:9      | Killed an orc knight
  9641 | D:10     | Entered Level 10 of the Dungeon
  9708 | D:10     | Reached XP level 11. HP: 99/99 MP: 14/14
  9800 | D:10     | Noticed an orc knight
  9835 | D:9      | Killed an orc knight
  9836 | D:9      | Reached skill level 10 in Long Blades
  9904 | D:10     | Found a staircase to the Orcish Mines.
  9961 | D:10     | Noticed a vampire mage
  9970 | D:10     | Killed a vampire mage
  9971 | D:10     | Reached skill level 10 in Dodging
 10028 | D:10     | Reached skill level 10 in Fighting
 10060 | D:10     | Found a staircase to the Lair.
 10070 | D:10     | Noticed a two-headed ogre
 10077 | D:10     | Killed a two-headed ogre
 10348 | D:11     | Noticed a two-headed ogre
 10356 | D:11     | Killed a two-headed ogre
 10537 | D:11     | Noticed a two-headed ogre
 10544 | D:11     | Killed a two-headed ogre
 10851 | D:7      | Killed PostNTower's ghost
 11209 | D:12     | Noticed a two-headed ogre
 11215 | D:12     | Killed a two-headed ogre
 11424 | D:12     | Reached XP level 12. HP: 102/110 MP: 13/15
 11459 | D:12     | Noticed Azrael
 11480 | D:12     | Killed Azrael
 11843 | D:13     | Found a gate to the Vaults.
 11843 | D:13     | Noticed a boulder beetle
 11843 | D:13     | Noticed a vault guard
 11843 | D:13     | Noticed a vault guard
 11843 | D:13     | Noticed a vault guard
 11843 | D:13     | Noticed a centaur warrior
 11843 | D:13     | Noticed a vault guard
 11843 | D:13     | Noticed a boulder beetle
 11843 | D:13     | Noticed a centaur warrior
 11843 | D:13     | Noticed a centaur warrior
 11986 | D:12     | Killed a centaur warrior
 11992 | D:12     | Killed a centaur warrior
 12023 | D:13     | Killed a centaur warrior
 12087 | D:13     | Noticed a boulder beetle
 12097 | D:13     | Killed a boulder beetle
 12135 | D:13     | Killed a vault guard
 12141 | D:13     | Killed a vault guard
 12149 | D:13     | Killed a vault guard
 12175 | D:13     | Killed a boulder beetle
 12189 | D:13     | Killed a boulder beetle
 12437 | D:13     | Killed a vault guard
 12832 | D:14     | Noticed a centaur warrior
 12839 | D:14     | Noticed an eight-headed hydra
 12842 | D:14     | Killed a centaur warrior
 12918 | D:14     | Killed a four-headed hydra
 13055 | D:14     | Noticed a centaur warrior
 13064 | D:14     | Killed a centaur warrior
 13066 | D:14     | Reached XP level 13. HP: 119/119 MP: 16/16
 13195 | D:14     | Gained mutation: You are occasionally teleported next to
                  | monsters. [a neqoxec]
 13205 | D:14     | Gained mutation: You are often teleported next to monsters.
                  | [a neqoxec]
 13647 | D:15     | Entered Level 15 of the Dungeon
 13764 | D:14     | Lost mutation: You are often teleported next to monsters.
                  | [potion of mutation]
 13764 | D:14     | Lost mutation: You are occasionally teleported next to
                  | monsters. [potion of mutation]
 13764 | D:14     | Gained mutation: You have a pair of small horns on your
                  | head. [potion of mutation]
 13764 | D:14     | Gained mutation: Armour fits poorly on your strangely
                  | shaped body. [potion of mutation]
 13764 | D:14     | Gained mutation: You passively map a small area around you.
                  | [potion of mutation]
 13765 | D:14     | Lost mutation: Armour fits poorly on your strangely shaped
                  | body. [potion of mutation]
 13765 | D:14     | Lost mutation: You passively map a small area around you.
                  | [potion of mutation]
 13765 | D:14     | Gained mutation: You are partially covered in iridescent
                  | scales. (AC +2) [potion of mutation]
 13765 | D:14     | Gained mutation: You are weak. (Str -2) [potion of
                  | mutation]
 13920 | D:15     | Found a staircase to the Depths.
 14418 | D:15     | Reached XP level 14. HP: 126/130 MP: 17/17
 14578 | D:15     | Identified the +10 flail "Isyzikal" {pain, rN+ rCorr
                  | Stlth+}
 15019 | Orc:1    | Entered Level 1 of the Orcish Mines
 15019 | Orc:1    | Found Doowes's General Store.
 15030 | Orc:1    | Found Bik Umet's Specific Store.
 15290 | Orc:2    | Entered Level 2 of the Orcish Mines
 15290 | Orc:2    | Found Zonaic's General Store.
 15310 | Orc:2    | Found Ijyegec's Weapon Boutique.
 15350 | Orc:2    | Found Gifotuik's Armour Boutique.
 15509 | Orc:2    | Found Heyhoschi's Jewellery Boutique.
 15541 | Orc:2    | Found a staircase to the Elven Halls.
 15601 | Orc:2    | Found Gifreeh's Antique Weapon Shop.
 16283 | Orc:2    | Found Kanollun's Armour Shoppe.
 16283 | Orc:2    | Found Ywuralie's Antique Armour Shoppe.
 16284 | Orc:2    | Found Pomm's Weapon Shoppe.
 16284 | Orc:2    | Found Potauj's Antique Armour Emporium.
 16296 | Orc:2    | Bought a pair of embroidered boots for 225 gold pieces
 16307 | Orc:2    | Bought a glowing hat for 224 gold pieces
 16307 | Orc:2    | Bought a pair of glowing gloves for 240 gold pieces
 16394 | Orc:1    | Noticed an orc warlord
 16394 | Orc:1    | Found Seplael's Book Shoppe.
 16419 | Orc:2    | Killed an orc warlord
 16469 | Orc:1    | Reached skill level 1 in Armour
 16756 | Elf:1    | Entered Level 1 of the Elven Halls
 16880 | Lair:1   | Entered Level 1 of the Lair of Beasts
 17918 | Lair:2   | Found a staircase to the Snake Pit.
 18035 | Lair:2   | You fall into a shaft and drop 1 floor!
 18076 | Lair:3   | Noticed Gastronok
 18091 | Lair:3   | Killed Gastronok
 18130 | Lair:2   | Lost mutation: You are partially covered in iridescent
                  | scales. (AC +2) [potion of mutation]
 18130 | Lair:2   | Lost mutation: You are weak. (Str -2) [potion of mutation]
 18130 | Lair:2   | Lost mutation: You have a pair of small horns on your head.
                  | [potion of mutation]
 18130 | Lair:2   | Gained mutation: You possess an exceptional clarity of
                  | mind. [potion of mutation]
 18130 | Lair:2   | Gained mutation: Your muscles are strong. (Str +4, Int/Dex
                  | -1) [potion of mutation]
 18577 | Lair:2   | Found a staircase to the Swamp.
 18820 | Lair:3   | Reached XP level 15. HP: 136/139 MP: 18/18
 18840 | Lair:3   | Reached skill level 15 in Fighting
 18841 | Lair:3   | Found the +1 robe of Vines {NoPotionHeal Regen++++}
 18863 | Lair:3   | Reached skill level 15 in Long Blades
 18863 | Lair:3   | Reached skill level 15 in Dodging
 19120 | Lair:3   | Noticed Nergalle
 19132 | Lair:3   | Killed Nergalle
 19431 | Lair:4   | Found a staircase to the Slime Pits.
 20126 | Lair:5   | Entered Level 5 of the Lair of Beasts
 20203 | Lair:5   | Reached skill level 5 in Armour
 20407 | Lair:5   | Identified the ring of Yggos {rN+ Int+3 Dex+3}
 20643 | Lair:5   | Found a runed translucent door.
 21236 | Snake:1  | Entered Level 1 of the Snake Pit
 21619 | Orc:2    | Bought an amulet of reflection for 330 gold pieces
 21652 | Orc:2    | Bought a +4 scale mail of poison resistance for 420 gold
                  | pieces
 22180 | Snake:1  | Acquired a manual of Armour
 22734 | Snake:2  | Identified the +1 pair of gloves of Intuition {*Slow rElec
                  | rF+ rCorr}
 22825 | Snake:2  | Noticed Vashnia
 23220 | Snake:2  | Reached XP level 16. HP: 117/145 MP: 19/19
 23235 | Snake:2  | Killed Vashnia
 24378 | Snake:4  | Entered Level 4 of the Snake Pit
 24553 | Snake:4  | Noticed Mlioglotl
 24790 | Snake:4  | Killed Mlioglotl
 24907 | Snake:4  | Identified the +9 long sword of Xom's Delight {freeze, Fly}
 25351 | Snake:4  | Noticed Aizul
 25368 | Snake:4  | Killed Aizul
 25794 | Snake:4  | Reached skill level 10 in Armour
 26495 | Snake:4  | Got a serpentine rune of Zot
 27053 | Swamp:1  | Entered Level 1 of the Swamp
 27057 | Swamp:1  | Reached XP level 17. HP: 160/160 MP: 20/20
 27083 | Swamp:1  | HP: 3/160 [spriggan rider/+0 spear (15)]
 27083 | Swamp:1  | Demolished by a spriggan rider

Illustrated notes

Levels and vault maps discovered:
D:1:      wander_arrival_fairy_ring, layout_rooms
D:2:      layout_rooms, ebering_ecumenical_altar_webs, uniq_jessica
D:3:      gammafunk_wand_slinger, layout_basic, serial_shops,
          nicolae_shop_tiny_glass, reono_crystal_passage,
          minmay_shallow_snake_nest, uniq_terence, uniq_robin
D:4:      layout_loops_ring, gammafunk_ghost_necromancy, grunt_decor_clamped,
          minmay_vboxes, uniq_grinder
D:5:      layout_basic, mainiacjoe_overflow_tiny_flanked,
          chequers_hall_statues_y, uniq_prince_ribbit1, uniq_crazy_yiuf_cottage
D:6:      layout_gridville
D:7:      layout_loops_corners, minmay_temple_entry_proselytizer,
          gammafunk_ghost_split
D:8:      layout_basic, grunt_ministairs_13,
          hangedman_abyss_or_decor_lesser_grid, serial_nicolae_subway,
          nicolae_sub_station_crystal, nicolae_sub_station_metal,
          nicolae_sub_station_stone, uniq_maggie
D:9:      nzn_winding_woodlands_medium [nzn_winding_woodlands_5x5_closed_star,
          nzn_winding_woodlands_5x15_garden, nzn_winding_woodlands_5x5_default,
          nzn_winding_woodlands_5x5_checkerboard,
          nzn_winding_woodlands_center_pierced_h,
          nzn_winding_woodlands_5x5_cross, nzn_winding_woodlands_5x5_default,
          nzn_winding_woodlands_5x15_eye, nzn_winding_woodlands_hourglass],
          layout_rooms, mainiacjoe_overflow_boulevard
D:10:     lemuel_ice_statue, layout_cave_pools, tgw_xom,
          nicolae_overflow_crystal_walls, dpeg_oklobed_lair, david_orc_5,
          minmay_librarian
D:11:     layout_cave_pools
D:12:     layout_roguey, uniq_azrael
D:13:     layout_irregular_city, lightli_vaults_fourway_checkpoint
D:14:     layout_irregular_city, serial_park_square1
          [serial_park_minivault_5x5_7], serial_demonic, serial_demonic_a,
          serial_demonic_a, serial_demonic_e, serial_demonic_c,
          serial_demonic_d, serial_demonic_g, serial_demonic_c,
          nicolae_straight_to_the_point
D:15:     gammafunk_depths_entry_grave, layout_basic, nicolae_twisting_strands
Lair:1:   cheibrodos_lair_river_kwai, layout_big_grid, hibernation_bobbens
Lair:2:   layout_roguey, minmay_swamp_entry_worms, guppyfry_snake_entry_island,
          beast_lair_carwin_8, serial_bayou_shore_a, grunt_megastairs_5,
          infiniplex_staircase_pool, serial_bayou_shore_b
Lair:3:   layout_hall_layers, minivault_19, eino_small_chamber_without_monster,
          chequers_serial_rivers_large_a, hellmonk_guarded_unrand_vines,
          uniq_nergalle, uniq_gastronok
Lair:4:   layout_regular_city, slime_entry_1
Lair:5:   minmay_lair_end_enchanted_forest, layout_big_grid,
          pdpol_lair_cabin_in_the_woods, grunt_megastairs_3
Swamp:1:  layout_basic_swamp, evilmike_swamp_ruin_house_3
Snake:1:  layout_gridlike
Snake:2:  layout_misc_corridors, nrook_guardian_serpent_ordinary, uniq_vashnia
Snake:3:  layout_misc_corridors
Snake:4:  snake_pit, layout_cave_town, lemuel_fruit_tree, uniq_aizul,
          uniq_mlioglotl
Orc:1:    layout_caves, serial_shops, nicolae_shop_crystal,
          nicolae_specific_store
Orc:2:    st_orc_pillars, layout_diamond_mine, serial_shops,
          nicolae_shop_pleasant_corner_grove, shop,
          nicolae_shop_getting_attention, shop, shop
Elf:1:    eino_elf_arrival_shootout, layout_loops_ring,
          ebering_ghost_reflecting_pool

Skill      XL: |  1  2  3  4  5  6  7  8  9 10 11 12 13 14 15 16 |
---------------+-------------------------------------------------+-----
Fighting       | 2 3 4 5 6 8 9 11 12 13 14 15 16 | 16.8
Long Blades    | 3 4 5 7 8 9 11 12 13 14 15 16 | 16.7
Dodging        | 3 4 5 7 8 9 11 12 13 14 15 16 | 16.7
Armour         | 3 7 11 | 11.1
Throwing       | |  1.7

Action                     |  1- 3 |  4- 6 |  7- 9 | 10-12 | 13-15 | 16-18 || total
---------------------------+-------+-------+-------+-------+-------+-------++-------
  Melee: Long sword        |    87 |       |       |       |       |       ||    87
         Dagger            |    17 |   112 |    96 |       |       |       ||   225
         Punch             |       |       |     4 |       |       |       ||     4
         Scimitar          |       |       |    64 |       |       |       ||    64
         Great sword       |       |       |   111 |   468 |  1343 |   450 ||  2372
         Headbutt          |       |       |       |       |   134 |       ||   134
  Throw: Throwing net      |       |     2 |     2 |       |       |       ||     4
         Javelin           |       |       |       |     2 |     2 |     1 ||     5
  Evoke: Wand              |       |       |       |       |     1 |       ||     1
    Use: Scroll            |       |     8 |     8 |    13 |    16 |     1 ||    46
         Potion            |       |       |       |     1 |     9 |       ||    10
   Stab: Sleeping          |     1 |       |     6 |     3 |    16 |     1 ||    27
         Distracted        |     1 |       |     1 |       |     9 |       ||    11
         Held in net/web   |       |     2 |       |       |       |       ||     2
 Armour: Leather armour    |    46 |    16 |       |       |       |       ||    62
         Animal skin       |       |    17 |    65 |    11 |       |       ||    93
         Troll leather arm |       |       |       |    46 |   149 |       ||   195
         Swamp dragon scal |       |       |       |       |    13 |    64 ||    77
  Dodge: Dodged            |   105 |    72 |   284 |   723 |  2241 |   772 ||  4197
  Block: Other             |       |       |       |       |    28 |   110 ||   138
         Reflection        |       |       |       |       |     8 |    16 ||    24

Table legend: (Time is in decaauts)
 A = Elapsed time spent in this place.
 B = Non-inter-level travel time spent in this place.
 C = Inter-level travel time spent in this place.
 D = Time resting spent in this place.
 E = Time spent auto-exploring this place.
 F = Levels seen in this place.
 G = Mean time per level.
                   A        B        C        D        E       F      G
               +--------+--------+--------+--------+--------+-----+--------+
         Total |  27227 |  25005 |   2222 |   2103 |  16823 |  28 |  972.4 |
       Dungeon |  15325 |  14223 |   1102 |   1395 |   9698 |  15 | 1021.7 |
          Lair |   4702 |   4191 |    511 |     47 |   3006 |   5 |  940.4 |
         Swamp |     26 |     26 |      0 |      0 |      0 |   1 |   26.0 |
     Snake Pit |   5233 |   4878 |    355 |    615 |   3108 |   4 | 1308.2 |
  Orcish Mines |   1924 |   1670 |    254 |     46 |   1009 |   2 |  962.0 |
   Elven Halls |     14 |     14 |      0 |      0 |      1 |   1 |   14.0 |
               +--------+--------+--------+--------+--------+-----+--------+

Top non-repeatable levels by time:
 Snake:4: 2080 daAuts
     D:9: 1533 daAuts
   Orc:2: 1357 daAuts
     D:8: 1351 daAuts
     D:5: 1350 daAuts
     D:7: 1283 daAuts
 Snake:3: 1238 daAuts
     D:4: 1193 daAuts
    D:14: 1187 daAuts
     D:6: 1094 daAuts
  Lair:1: 1071 daAuts
  Lair:5: 1065 daAuts
    D:15: 1060 daAuts
  Lair:2: 1057 daAuts
 Snake:2: 1043 daAuts
